Flames vs Canucks

Created - Sunday, February 07, 2016 at 02:53

Goals
1 2 3 OT1 SO T
Flames 0 2 0 0 3 3
Canucks 0 2 0 0 1 2
Shots
1 2 3 OT1 SO T
Flames 5 21 12 0 3 38
Canucks 8 18 9 0 2 35

1st period

No Goal

Penalties :
Ryan Murray (Cal) for Slashing (Minor) at 8:50, Antoine Roussel (Van) for High sticking (Minor) at 15:39

2nd period

1. Canucks , Brendan Gallagher 37 (Clarke MacArthur, Alexander Edler) at 0:36
2. Flames , Johnny Gaudreau 29 (Sean Monahan) at 6:32 (PP)
3. Canucks , Clarke MacArthur 22 (Derick Brassard, Brendan Gallagher) at 12:02
4. Flames , Martin St. Louis 20 (Henrik Sedin) at 15:56

Penalties :
Joakim Andersson (Van) for Tripping (Minor) at 4:58, TJ Brodie (Cal) for Tripping (Minor) at 12:46

3rd period

No Goal

Penalties :
Jason Spezza (Cal) for Holding (Minor) at 14:09

Overtime #1

No Goal

Penalties :
Justin Braun (Van) for Roughing (Minor) at 1:54

Shootout

Penalty Shot by Chris Kunitz for Flames - Goal!
Penalty Shot by Mats Zuccarello for Canucks - Goal!
Penalty Shot by Sean Monahan for Flames - Goal!
Penalty Shot by Derick Brassard for Canucks - Stopped by Antti Niemi
Penalty Shot by Jason Pominville for Flames - Goal!

Penalties :
No Penalty

Goalie Stats

Antti Niemi (Cal), 33 saves from 35 shots - (0.943), W, 23-7-5, 65:00 minutes
Ben Bishop (Van), 36 saves from 38 shots - (0.947), OTL, 25-18-6, 65:00 minutes

Players Stats for Flames

Player Name              G  A  P  +/- PIM S  H  SB GA TA FO     MP     PP MP  PK MP  
------------------------------------------------------------------------------------
Brian Campbell           0  0  0   0  0   4  0  1  0  1  0/0    20:22   1:36   2:14 
Chris Kunitz             0  0  0  -1  0   0  5  1  1  0  0/2    13:07   0:00   0:00 
David Savard             0  0  0   0  0   4  1  2  0  4  0/0    19:23   0:00   3:43 
Dougie Hamilton          0  0  0   0  0   1  3  0  0  0  0/0    23:48   1:36   1:13 
Erik Cole                0  0  0  -1  0   1  0  1  0  0  0/1    12:58   0:00   0:00 
Henrik Sedin             0  1  1   0  0   4  1  2  2  0  10/19  20:14   0:00   2:52 
Jaden Schwartz           0  0  0   0  0   3  1  1  3  1  0/0    19:11   2:00   0:00 
Jason Pominville         0  0  0   0  0   0  3  0  0  0  0/0    14:37   2:00   0:00 
Jason Spezza             0  0  0  -1  2   4  0  0  4  1  7/14   15:03   2:00   0:00 
John Klingberg           0  0  0  -1  0   0  1  1  0  0  0/0    22:19   1:56   0:00 
Johnny Gaudreau          1  0  1   0  0   2  0  0  3  0  0/0    16:49   1:32   0:00 
Martin St. Louis         1  0  1   0  0   2  1  0  2  1  0/0    16:23   1:32   0:00 
Michael Frolik           0  0  0   0  0   2  1  0  0  2  0/0    12:58   0:00   3:05 
Patrik Elias             0  0  0   0  0   2  0  0  1  0  3/9    12:58   0:00   3:05 
Ryan Murray              0  0  0   0  2   4  2  0  0  2  0/0    15:56   0:00   1:48 
Sean Monahan             0  1  1   0  0   3  1  0  2  2  9/12   16:49   1:32   0:00 
Shane Doan               0  0  0   0  0   0  5  1  0  0  0/0    12:46   0:00   2:52 
TJ Brodie                0  0  0  -1  2   2  1  5  0  0  0/0    28:14   1:56   2:56 

Players Stats for Canucks

Player Name              G  A  P  +/- PIM S  H  SB GA TA FO     MP     PP MP  PK MP  
------------------------------------------------------------------------------------
Adam Pardy               0  0  0  -1  0   1  0  3  0  4  0/0    21:21   0:00   0:46 
Alexander Edler          0  1  1   2  0   1  1  2  0  0  0/0    28:59   3:19   3:04 
Antoine Roussel          0  0  0   0  2   0  2  0  2  0  0/0    14:34   0:00   1:17 
Brendan Gallagher        1  1  2   2  0   7  0  0  6  1  2/4    20:38   2:59   0:00 
Christopher Tanev        0  0  0  -1  0   2  0  3  0  1  0/0    20:43   2:38   2:27 
Clarke MacArthur         1  1  2   2  0   8  0  2  1  0  0/0    19:15   2:58   1:06 
Craig Smith              0  0  0  -1  0   2  1  0  0  0  1/2    16:54   2:58   0:00 
Derick Brassard          0  1  1   2  0   1  1  0  1  0  11/18  21:27   2:59   0:53 
Jack Johnson             0  0  0   2  0   3  2  7  1  2  0/0    29:05   3:19   3:04 
Jannik Hansen            0  0  0   0  0   1  1  0  1  0  0/0     9:20   0:00   0:00 
Jay Beagle               0  0  0   0  0   2  0  0  2  0  5/12   13:35   0:00   4:15 
Joakim Andersson         0  0  0   0  2   0  1  0  0  0  0/0     9:19   0:00   0:00 
Joel Ward                0  0  0   0  0   2  0  0  1  1  0/0    12:41   0:24   0:25 
Justin Braun             0  0  0   0  2   2  2  4  0  2  0/0    20:46   2:38   0:00 
Mats Zuccarello          0  0  0  -1  0   0  0  0  2  0  0/2    17:07   2:35   0:00 
Nazem Kadri              0  0  0  -1  0   1  2  0  0  0  6/9    16:54   2:58   0:00 
Peter Holland            0  0  0   0  0   1  0  0  0  0  3/10   13:16   0:00   1:07 
Willie Mitchell          0  0  0   0  0   1  0  3  0  1  0/0     8:27   0:00   1:41 

3 Stars

1 - Clarke MacArthur (Van)
2 - Brendan Gallagher (Van)
3 - Ben Bishop (Van)

Power Play

Flames - 1 on 3 Attempt(s) - 33.33%
Canucks - 0 on 3 Attempt(s) - 0.00%

Penalty Kill

Flames - 3 on 3 Attempt(s) - 100.00% - Score 0 goal in Penalty Kill
Canucks - 2 on 3 Attempt(s) - 66.67% - Score 0 goal in Penalty Kill

Team Stat

Flames - Hits : 26 - Faceoff Wins : 29 - Blocked Shots : 15 - Penalty Minutes : 6
Canucks - Hits : 13 - Faceoff Wins : 28 - Blocked Shots : 24 - Penalty Minutes : 6

Official

Referees : Unknown
Linesman : Unknown

Game Notes

Willie Mitchell is injured at 6:30 of 2nd period (Bruised Left Foot)

Finance

Level 1 -- Attendance: 6000 (100.00%) -- Ticket Income $480,000
Level 2 -- Attendance: 4446 (88.92%) -- Ticket Income $235,638
Level 3 -- Attendance: 2000 (100.00%) -- Ticket Income $62,000
Level 4 -- Attendance: 4000 (100.00%) -- Ticket Income $68,000
Luxury Box -- Attendance: 1000 (100.00%) -- Ticket Income $176,000
Game was played at the Rogers Place.
Total Attendance: 17446 (96.92%)
Total Ticket Income: $1,021,638
Other Income: $500,603
Total Income: $1,522,241

Flames

5 vs 5 Forward 
   Center                   Left Wing                Right Wing               Time % Phy DF OF 
 1 Henrik Sedin             Jaden Schwartz           Martin St. Louis         30     0   1  4  
 2 Sean Monahan             Johnny Gaudreau          Jason Pominville         25     0   1  4  
 3 Jason Spezza             Chris Kunitz             Erik Cole                25     1   1  3  
 4 Patrik Elias             Shane Doan               Michael Frolik           20     1   1  3  

5 vs 5 Defense 
   Defense                  Defense                                           Time % Phy DF OF 
 1 TJ Brodie                John Klingberg                                    35     1   2  2  
 2 Dougie Hamilton          David Savard                                      30     1   2  2  
 3 Brian Campbell           Ryan Murray                                       25     1   2  2  
 4 TJ Brodie                Dougie Hamilton                                   10     1   2  2  

PowerPlay Forward 
   Center                   Left Wing                Right Wing               Time % Phy DF OF 
 1 Jason Spezza             Jaden Schwartz           Jason Pominville         50     0   0  5  
 2 Sean Monahan             Johnny Gaudreau          Martin St. Louis         50     0   0  5  

PowerPlay Defense
   Defense                  Defense                                           Time % Phy DF OF 
 1 Brian Campbell           Dougie Hamilton                                   50     0   1  4  
 2 TJ Brodie                John Klingberg                                    50     0   1  4  

Penalty Kill 4 Players Forward 
   Center                   Wing                     Time % Phy DF OF 
 1 Patrik Elias             Michael Frolik           50     0   5  0  
 2 Henrik Sedin             Shane Doan               50     0   5  0  

Penalty Kill 4 Players Defense
   Defense                  Defense                  Time % Phy DF OF 
 1 TJ Brodie                David Savard             50     0   5  0  
 2 Ryan Murray              Brian Campbell           50     0   5  0  

Penalty Kill - 3 Players Forward 
   Forward                                           Time % Phy DF OF 
 1 Henrik Sedin                                      55     0   5  0  
 2 Patrik Elias                                      45     0   5  0  

Penalty Kill - 3 Players Defense
   Defense                  Defense                  Time % Phy DF OF 
 1 TJ Brodie                Brian Campbell           50     0   5  0  
 2 Ryan Murray              David Savard             50     0   5  0  

4 vs 4 Forward 
   Center                   Wing                     Time % Phy DF OF 
 1 Henrik Sedin             Jaden Schwartz           50     0   2  3  
 2 Sean Monahan             Johnny Gaudreau          50     0   2  3  

4 vs 4 Defense
   Defense                  Defense                  Time % Phy DF OF 
 1 TJ Brodie                Dougie Hamilton          50     1   2  2  
 2 Brian Campbell           John Klingberg           50     1   2  2  

Last Minutes Offensive
   Center                   Left Wing                Right Wing               Defense                  Defense                  
   Henrik Sedin             Jaden Schwartz           Johnny Gaudreau          John Klingberg           Dougie Hamilton          

Last Minutes Defensive
   Center                   Left Wing                Right Wing               Defense                  Defense                  
   Patrik Elias             Shane Doan               Michael Frolik           TJ Brodie                David Savard             

Goaltenders
Starting : Antti Niemi              
Backup : James Reimer             

Extra Forwards
Normal : Chris Kunitz, Shane Doan, Erik Cole - PP : Henrik Sedin, Chris Kunitz - PK : Erik Cole
Extra Defensemen
Normal : Dougie Hamilton, TJ Brodie, Brian Campbell - PP : TJ Brodie - PK : Dougie Hamilton, Brian Campbell
Penalty Shots
Chris Kunitz, Sean Monahan, Jason Pominville, Jason Spezza, Johnny Gaudreau

Canucks

5 vs 5 Forward 
   Center                   Left Wing                Right Wing               Time % Phy DF OF 
 1 Derick Brassard          Clarke MacArthur         Brendan Gallagher        35     1   1  3  
 2 Nazem Kadri              Mats Zuccarello          Craig Smith              30     1   2  2  
 3 Peter Holland            Antoine Roussel          Joel Ward                22     1   3  1  
 4 Jay Beagle               Joakim Andersson         Jannik Hansen            13     2   2  1  

5 vs 5 Defense 
   Defense                  Defense                                           Time % Phy DF OF 
 1 Jack Johnson             Alexander Edler                                   35     1   3  1  
 2 Willie Mitchell          Justin Braun                                      30     1   3  1  
 3 Adam Pardy               Christopher Tanev                                 25     1   3  1  
 4 Jack Johnson             Alexander Edler                                   10     1   3  1  

PowerPlay Forward 
   Center                   Left Wing                Right Wing               Time % Phy DF OF 
 1 Derick Brassard          Mats Zuccarello          Brendan Gallagher        60     1   1  3  
 2 Nazem Kadri              Clarke MacArthur         Craig Smith              40     1   1  3  

PowerPlay Defense
   Defense                  Defense                                           Time % Phy DF OF 
 1 Jack Johnson             Alexander Edler                                   55     1   2  2  
 2 Christopher Tanev        Justin Braun                                      45     1   2  2  

Penalty Kill 4 Players Forward 
   Center                   Wing                     Time % Phy DF OF 
 1 Jay Beagle               Antoine Roussel          60     1   3  1  
 2 Joakim Andersson         Joel Ward                40     1   3  1  

Penalty Kill 4 Players Defense
   Defense                  Defense                  Time % Phy DF OF 
 1 Jack Johnson             Alexander Edler          60     1   3  1  
 2 Willie Mitchell          Christopher Tanev        40     1   3  1  

Penalty Kill - 3 Players Forward 
   Forward                                           Time % Phy DF OF 
 1 Jay Beagle                                        60     1   4  0  
 2 Joakim Andersson                                  40     1   4  0  

Penalty Kill - 3 Players Defense
   Defense                  Defense                  Time % Phy DF OF 
 1 Jack Johnson             Alexander Edler          60     1   4  0  
 2 Willie Mitchell          Christopher Tanev        40     1   4  0  

4 vs 4 Forward 
   Center                   Wing                     Time % Phy DF OF 
 1 Derick Brassard          Brendan Gallagher        60     1   2  2  
 2 Nazem Kadri              Clarke MacArthur         40     1   2  2  

4 vs 4 Defense
   Defense                  Defense                  Time % Phy DF OF 
 1 Jack Johnson             Alexander Edler          60     1   2  2  
 2 Willie Mitchell          Justin Braun             40     1   2  2  

Last Minutes Offensive
   Center                   Left Wing                Right Wing               Defense                  Defense                  
   Derick Brassard          Clarke MacArthur         Brendan Gallagher        Jack Johnson             Alexander Edler          

Last Minutes Defensive
   Center                   Left Wing                Right Wing               Defense                  Defense                  
   Jay Beagle               Antoine Roussel          Joakim Andersson         Jack Johnson             Willie Mitchell          

Goaltenders
Starting : Ben Bishop               
Backup : Mike McKenna             

Extra Forwards
Normal : Brendan Gallagher, Mats Zuccarello, Antoine Roussel - PP : Joel Ward, Mats Zuccarello - PK : Antoine Roussel
Extra Defensemen
Normal : Adam Pardy, Christopher Tanev, Willie Mitchell - PP : Alexander Edler - PK : Christopher Tanev, Willie Mitchell
Penalty Shots
Mats Zuccarello, Derick Brassard, Nazem Kadri, Clarke MacArthur, Joel Ward

% Time on Ice - Flames

Lines # - Real PCT - Wanted PCT - Time Play
Normal Forward
1 - 29% - 30% - 14:44
2 - 26% - 25% - 13:05
3 - 26% - 25% - 12:58
4 - 19% - 20% - 9:43
Normal Defense
1 - 36% - 35% - 17:57
2 - 33% - 30% - 16:43
3 - 26% - 25% - 13:09
4 - 5% - 10% - 2:41
PP Forward
1 - 57% - 50% - 2:01
2 - 43% - 50% - 1:32
PP Defense
1 - 45% - 50% - 1:36
2 - 55% - 50% - 1:57
PK Forward
1 - 52% - 50% - 3:05
2 - 48% - 50% - 2:52
PK Defense
1 - 62% - 50% - 3:43
2 - 38% - 50% - 2:14
PK3 Forward
1 - 0% - 55%
2 - 0% - 45%
PK3 Defense
1 - 0% - 50%
2 - 0% - 50%
44 Forward
1 - 52% - 50% - 2:37
2 - 48% - 50% - 2:23
44 Defense
1 - 52% - 50% - 2:37
2 - 48% - 50% - 2:23
Last Minute Offensive  - 0:00
Last Minute Defensive  - 0:00
Total
Forward - 65:00
Defense - 65:00

% Time on Ice - Canucks

Lines # - Real PCT - Wanted PCT - Time Play
Normal Forward
1 - 31% - 35% - 15:28
2 - 28% - 30% - 13:56
3 - 23% - 22% - 11:46
4 - 18% - 13% - 9:20
Normal Defense
1 - 32% - 35% - 16:07
2 - 42% - 30% - 21:04
3 - 21% - 25% - 10:22
4 - 6% - 10% - 2:57
PP Forward
1 - 50% - 60% - 2:59
2 - 50% - 40% - 2:58
PP Defense
1 - 56% - 55% - 3:19
2 - 44% - 45% - 2:38
PK Forward
1 - 88% - 60% - 3:07
2 - 12% - 40% - 0:26
PK Defense
1 - 52% - 60% - 1:51
2 - 48% - 40% - 1:42
PK3 Forward
1 - 100% - 60% - 1:59
2 - 0% - 40% - 0:00
PK3 Defense
1 - 61% - 60% - 1:13
2 - 39% - 40% - 0:46
44 Forward
1 - 100% - 60% - 3:01
2 - 0% - 40% - 0:00
44 Defense
1 - 36% - 60% - 1:06
2 - 64% - 40% - 1:55
Last Minute Offensive  - 0:00
Last Minute Defensive  - 0:00
Total
Forward - 65:00
Defense - 65:00

Play by Play

1st period


0:01 of 1st period - Derick Brassard wins face-off versus Henrik Sedin in neutral zone.
0:10 of 1st period - Slapshot by Brendan Gallagher.
0:10 of 1st period - Stopped by Antti Niemi without a rebound.
0:11 of 1st period - Henrik Sedin wins face-off versus Brendan Gallagher in Flames zone.
0:24 of 1st period - Snap shot by Brendan Gallagher.
0:24 of 1st period - Stopped by Antti Niemi with a rebound.
0:26 of 1st period - Slapshot by Alexander Edler.
0:26 of 1st period - Shot Blocked by TJ Brodie.
0:28 of 1st period - Wrist shot by Alexander Edler.
0:28 of 1st period - Shot Blocked by TJ Brodie.
0:30 of 1st period - Wrist shot by Clarke MacArthur.
0:30 of 1st period - Shot Misses the Net.
0:32 of 1st period - Slapshot by Jack Johnson.
0:32 of 1st period - Stopped by Antti Niemi without a rebound.
0:33 of 1st period - Sean Monahan wins face-off versus Craig Smith in Flames zone.
0:52 of 1st period - Snap shot by Johnny Gaudreau.
0:52 of 1st period - Deflect By Jason Pominville.
0:52 of 1st period - Shot Blocked by Justin Braun.
0:52 of 1st period - Puck is out of play.
0:53 of 1st period - Sean Monahan wins face-off versus Mats Zuccarello in Canucks zone.
1:02 of 1st period - Snap shot by Johnny Gaudreau.
1:02 of 1st period - Shot Misses the Net.
1:04 of 1st period - Snap shot by Sean Monahan.
1:04 of 1st period - Shot Blocked by Willie Mitchell.
1:06 of 1st period - Snap shot by Sean Monahan.
1:06 of 1st period - Shot Blocked by Justin Braun.
1:08 of 1st period - Backhand shot by Sean Monahan.
1:08 of 1st period - Shot Hit the Post.
1:10 of 1st period - Slapshot by David Savard.
1:10 of 1st period - Stopped by Ben Bishop without a rebound.
1:11 of 1st period - Peter Holland wins face-off versus Erik Cole in Canucks zone.
1:26 of 1st period - Snap shot by Erik Cole.
1:26 of 1st period - Shot Misses the Net.
1:28 of 1st period - Slapshot by Ryan Murray.
1:28 of 1st period - Shot Blocked by Adam Pardy.
1:30 of 1st period - Wrist shot by Brian Campbell.
1:30 of 1st period - Stopped by Ben Bishop with a rebound.
1:32 of 1st period - Slapshot by Ryan Murray.
1:32 of 1st period - Shot Blocked by Christopher Tanev.
1:34 of 1st period - Slapshot by Ryan Murray.
1:34 of 1st period - Stopped by Ben Bishop without a rebound.
1:35 of 1st period - Jay Beagle wins face-off versus Patrik Elias in Canucks zone.
1:56 of 1st period - Slapshot by Alexander Edler.
1:56 of 1st period - Shot Misses the Net.
2:30 of 1st period - Jaden Schwartz is hit by Derick Brassard and loses puck.
2:37 of 1st period - Jaden Schwartz is hit by Jack Johnson and loses puck.
3:36 of 1st period - Slapshot by Chris Kunitz.
3:36 of 1st period - Shot Misses the Net.
3:38 of 1st period - Wrist shot by Chris Kunitz.
3:38 of 1st period - Shot Misses the Net.
4:17 of 1st period - Backhand shot by Joel Ward.
4:17 of 1st period - Shot Hit the Post.
4:19 of 1st period - Snap shot by Antoine Roussel.
4:19 of 1st period - Deflect By Joel Ward.
4:19 of 1st period - Shot Misses the Net.
4:19 of 1st period - Puck is out of play.
4:20 of 1st period - Patrik Elias wins face-off versus Jay Beagle in Flames zone.
4:41 of 1st period - Slapshot by Patrik Elias.
4:41 of 1st period - Shot Blocked by Willie Mitchell.
5:13 of 1st period - Jack Johnson is hit by David Savard and loses puck.
5:40 of 1st period - Snap shot by Jaden Schwartz.
5:40 of 1st period - Shot Misses the Net.
5:42 of 1st period - Backhand shot by Henrik Sedin.
5:42 of 1st period - Stopped by Ben Bishop with a rebound.
5:44 of 1st period - Snap shot by Henrik Sedin.
5:44 of 1st period - Shot Blocked by Jack Johnson.
6:07 of 1st period - Snap shot by Chris Kunitz.
6:07 of 1st period - Shot Misses the Net.
6:15 of 1st period - Slapshot by Jason Spezza.
6:15 of 1st period - Shot Misses the Net.
6:41 of 1st period - Johnny Gaudreau is hit by Antoine Roussel and loses puck.
6:56 of 1st period - Justin Braun is hit by Sean Monahan and loses puck.
7:41 of 1st period - Alexander Edler is hit by Michael Frolik and loses puck.
8:50 of 1st period - Minor Penalty to Ryan Murray for Slashing.
8:51 of 1st period - Henrik Sedin wins face-off versus Derick Brassard in Flames zone.
9:18 of 1st period - TJ Brodie is hit by Justin Braun.
9:50 of 1st period - Wrist shot by Nazem Kadri.
9:50 of 1st period - Shot Misses the Net.
9:52 of 1st period - Snap shot by Alexander Edler.
9:52 of 1st period - Shot Misses the Net.
9:54 of 1st period - Slapshot by Jack Johnson.
9:54 of 1st period - Stopped by Antti Niemi with a rebound.
9:56 of 1st period - Wrist shot by Jack Johnson.
9:56 of 1st period - Shot Blocked by TJ Brodie.
9:58 of 1st period - Slapshot by Alexander Edler.
9:58 of 1st period - Shot Blocked by Shane Doan.
10:00 of 1st period - Snap shot by Clarke MacArthur.
10:00 of 1st period - Shot Misses the Net.
10:02 of 1st period - Slapshot by Jack Johnson.
10:02 of 1st period - Stopped by Antti Niemi with a rebound.
10:50 of 1st period - Penalty to Ryan Murray is over, Ryan Murray is back on ice.
11:17 of 1st period - Jack Johnson is hit by John Klingberg and loses puck.
11:48 of 1st period - Jannik Hansen is hit by Chris Kunitz and loses puck.
12:17 of 1st period - Chris Kunitz is hit by Joakim Andersson and loses puck.
13:10 of 1st period - Sean Monahan is hit by Nazem Kadri and loses puck.
15:23 of 1st period - Slapshot by Brendan Gallagher.
15:23 of 1st period - Shot Misses the Net.
15:25 of 1st period - Snap shot by Willie Mitchell.
15:25 of 1st period - Stopped by Antti Niemi with a rebound.
15:39 of 1st period - Minor Penalty to Antoine Roussel for High sticking.
15:40 of 1st period - Jason Spezza wins face-off versus Jay Beagle in Canucks zone.
16:23 of 1st period - Off-side.
16:24 of 1st period - Jay Beagle wins face-off versus Sean Monahan in neutral zone.
17:05 of 1st period - Wrist shot by Jason Spezza.
17:05 of 1st period - Shot Misses the Net.
17:23 of 1st period - Wrist shot by Derick Brassard.
17:23 of 1st period - Stopped by Antti Niemi with a rebound.
17:39 of 1st period - Penalty to Antoine Roussel is over, Antoine Roussel is back on ice.
17:45 of 1st period - TJ Brodie is hit by Antoine Roussel and loses puck.
18:30 of 1st period - Snap shot by Michael Frolik.
18:30 of 1st period - Shot Misses the Net.
18:32 of 1st period - Wrist shot by Patrik Elias.
18:32 of 1st period - Shot Blocked by Justin Braun.
18:52 of 1st period - Joel Ward is hit by Chris Kunitz and loses puck.
18:59 of 1st period - Slapshot by Alexander Edler.
18:59 of 1st period - Stopped by Antti Niemi without a rebound.
19:00 of 1st period - Henrik Sedin wins face-off versus Peter Holland in Flames zone.
19:27 of 1st period - Slapshot by Henrik Sedin.
19:27 of 1st period - Shot Blocked by Adam Pardy.
19:37 of 1st period - Christopher Tanev is hit by Chris Kunitz and loses puck.
19:42 of 1st period - Wrist shot by Jason Spezza.
19:42 of 1st period - Stopped by Ben Bishop with a rebound.
Goals for this period are 0 for Flames vs 0 for Canucks.
Shots for this period are 5 for Flames vs 8 for Canucks.

2nd period


0:01 of 2nd period - Derick Brassard wins face-off versus Henrik Sedin in neutral zone.
0:22 of 2nd period - Snap shot by Clarke MacArthur.
0:22 of 2nd period - Stopped by Antti Niemi with a rebound.
0:30 of 2nd period - Wrist shot by Clarke MacArthur.
0:30 of 2nd period - Shot Misses the Net.
0:32 of 2nd period - Slapshot by Alexander Edler.
0:32 of 2nd period - Deflect By Clarke MacArthur.
0:32 of 2nd period - Stopped by Antti Niemi with a rebound.
0:34 of 2nd period - Snap shot by Clarke MacArthur.
0:34 of 2nd period - Stopped by Antti Niemi with a rebound.
0:36 of 2nd period - Snap shot by Brendan Gallagher.
0:36 of 2nd period - Goal by Brendan Gallagher - Flames : 0 - Canucks : 1.
0:37 of 2nd period - Sean Monahan wins face-off versus Nazem Kadri in neutral zone.
1:08 of 2nd period - Snap shot by Nazem Kadri.
1:08 of 2nd period - Shot Misses the Net.
1:45 of 2nd period - Off-side.
1:46 of 2nd period - Derick Brassard wins face-off versus Henrik Sedin in neutral zone.
2:09 of 2nd period - Snap shot by Henrik Sedin.
2:09 of 2nd period - Shot Blocked by Willie Mitchell.
2:11 of 2nd period - Slapshot by Ryan Murray.
2:11 of 2nd period - Deflect By Willie Mitchell.
2:11 of 2nd period - Stopped by Ben Bishop without a rebound.
2:12 of 2nd period - Patrik Elias wins face-off versus Peter Holland in Canucks zone.
2:31 of 2nd period - Icing by Shane Doan.
2:32 of 2nd period - Peter Holland wins face-off versus Patrik Elias in Flames zone.
3:27 of 2nd period - Slapshot by Clarke MacArthur.
3:27 of 2nd period - Stopped by Antti Niemi without a rebound.
3:28 of 2nd period - Derick Brassard wins face-off versus Henrik Sedin in Flames zone.
3:48 of 2nd period - Snap shot by Brendan Gallagher.
3:48 of 2nd period - Shot Misses the Net.
4:06 of 2nd period - David Savard is hit by Craig Smith.
4:58 of 2nd period - Minor Penalty to Joakim Andersson for Tripping.
4:59 of 2nd period - Jay Beagle wins face-off versus Jason Spezza in Canucks zone.
5:49 of 2nd period - John Klingberg is hit by Alexander Edler and loses puck.
6:21 of 2nd period - Wrist shot by Joel Ward.
6:21 of 2nd period - Stopped by Antti Niemi without a rebound.
6:22 of 2nd period - Jason Spezza wins face-off versus Peter Holland in Flames zone.
6:29 of 2nd period - Willie Mitchell is hit by Jason Pominville.
6:30 of 2nd period - Willie Mitchell from Canucks is injured at 6:30 of 2nd period (Bruised Left Foot).
6:31 of 2nd period - Sean Monahan wins face-off versus Jay Beagle in Canucks zone.
6:32 of 2nd period - Wrist shot by Johnny Gaudreau.
6:32 of 2nd period - Goal by Johnny Gaudreau - Flames : 1 - Canucks : 1.
6:33 of 2nd period - Derick Brassard wins face-off versus Jason Spezza in neutral zone.
6:58 of 2nd period - Wrist shot by Brendan Gallagher.
6:58 of 2nd period - Shot Misses the Net.
7:00 of 2nd period - Slapshot by Jack Johnson.
7:00 of 2nd period - Shot Blocked by John Klingberg.
7:02 of 2nd period - Slapshot by Jack Johnson.
7:02 of 2nd period - Shot Blocked by Chris Kunitz.
7:04 of 2nd period - Snap shot by Clarke MacArthur.
7:04 of 2nd period - Stopped by Antti Niemi without a rebound.
7:05 of 2nd period - Henrik Sedin wins face-off versus Nazem Kadri in Flames zone.
7:26 of 2nd period - Wrist shot by Nazem Kadri.
7:26 of 2nd period - Shot Misses the Net.
7:28 of 2nd period - Snap shot by Adam Pardy.
7:28 of 2nd period - Stopped by Antti Niemi without a rebound.
7:29 of 2nd period - Sean Monahan wins face-off versus Peter Holland in Flames zone.
8:15 of 2nd period - Alexander Edler is hit by TJ Brodie and loses puck.
8:37 of 2nd period - Wrist shot by Henrik Sedin.
8:37 of 2nd period - Stopped by Ben Bishop with a rebound.
8:39 of 2nd period - Slapshot by Dougie Hamilton.
8:39 of 2nd period - Shot Blocked by Clarke MacArthur.
8:41 of 2nd period - Slapshot by David Savard.
8:41 of 2nd period - Shot Misses the Net.
8:43 of 2nd period - Snap shot by David Savard.
8:43 of 2nd period - Shot Blocked by Clarke MacArthur.
8:57 of 2nd period - Wrist shot by Martin St. Louis.
8:57 of 2nd period - Shot Blocked by Jack Johnson.
9:09 of 2nd period - Brendan Gallagher is hit by Dougie Hamilton and loses puck.
9:14 of 2nd period - Wrist shot by Jason Spezza.
9:14 of 2nd period - Stopped by Ben Bishop with a rebound.
9:16 of 2nd period - Wrist shot by Erik Cole.
9:16 of 2nd period - Shot Blocked by Jack Johnson.
9:18 of 2nd period - Snap shot by Chris Kunitz.
9:18 of 2nd period - Shot Blocked by Jack Johnson.
9:27 of 2nd period - Wrist shot by Chris Kunitz.
9:27 of 2nd period - Shot Misses the Net.
9:29 of 2nd period - Slapshot by Brian Campbell.
9:29 of 2nd period - Stopped by Ben Bishop without a rebound.
9:30 of 2nd period - Nazem Kadri wins face-off versus Patrik Elias in Canucks zone.
9:30 of 2nd period - Nazem Kadri is hit by Shane Doan.
9:48 of 2nd period - Backhand shot by Michael Frolik.
9:48 of 2nd period - Shot Misses the Net.
9:50 of 2nd period - Slapshot by Ryan Murray.
9:50 of 2nd period - Shot Misses the Net.
9:52 of 2nd period - Snap shot by Brian Campbell.
9:52 of 2nd period - Deflect By Patrik Elias.
9:52 of 2nd period - Stopped by Ben Bishop with a rebound.
9:54 of 2nd period - Slapshot by Michael Frolik.
9:54 of 2nd period - Shot Misses the Net.
9:56 of 2nd period - Snap shot by Brian Campbell.
9:56 of 2nd period - Stopped by Ben Bishop without a rebound.
9:57 of 2nd period - Jason Spezza wins face-off versus Peter Holland in Canucks zone.
10:16 of 2nd period - Slapshot by Jason Spezza.
10:16 of 2nd period - Deflect By Erik Cole.
10:16 of 2nd period - Stopped by Ben Bishop with a rebound.
10:18 of 2nd period - Slapshot by TJ Brodie.
10:18 of 2nd period - Stopped by Ben Bishop with a rebound.
10:20 of 2nd period - Wrist shot by Erik Cole.
10:20 of 2nd period - Shot Misses the Net.
10:22 of 2nd period - Snap shot by John Klingberg.
10:22 of 2nd period - Shot Blocked by Justin Braun.
11:14 of 2nd period - Icing by Joakim Andersson.
11:15 of 2nd period - Sean Monahan wins face-off versus Jay Beagle in Canucks zone.
11:16 of 2nd period - Snap shot by Johnny Gaudreau.
11:16 of 2nd period - Stopped by Ben Bishop without a rebound.
11:17 of 2nd period - Nazem Kadri wins face-off versus Sean Monahan in Canucks zone.
11:32 of 2nd period - Snap shot by Nazem Kadri.
11:32 of 2nd period - Shot Misses the Net.
11:34 of 2nd period - Wrist shot by Craig Smith.
11:34 of 2nd period - Shot Misses the Net.
11:36 of 2nd period - Backhand shot by Christopher Tanev.
11:36 of 2nd period - Stopped by Antti Niemi without a rebound.
11:37 of 2nd period - Nazem Kadri wins face-off versus Jason Spezza in Flames zone.
11:38 of 2nd period - Slapshot by Craig Smith.
11:38 of 2nd period - Shot Misses the Net.
11:40 of 2nd period - Slapshot by Christopher Tanev.
11:40 of 2nd period - Shot Blocked by TJ Brodie.
11:42 of 2nd period - Slapshot by Christopher Tanev.
11:42 of 2nd period - Stopped by Antti Niemi without a rebound.
11:43 of 2nd period - Brendan Gallagher wins face-off versus Chris Kunitz in Flames zone.
11:52 of 2nd period - Snap shot by Derick Brassard.
11:52 of 2nd period - Shot Blocked by Erik Cole.
11:54 of 2nd period - Snap shot by Brendan Gallagher.
11:54 of 2nd period - Stopped by Antti Niemi with a rebound.
12:02 of 2nd period - Snap shot by Clarke MacArthur.
12:02 of 2nd period - Goal by Clarke MacArthur - Flames : 1 - Canucks : 2.
12:03 of 2nd period - Henrik Sedin wins face-off versus Derick Brassard in neutral zone.
12:06 of 2nd period - Alexander Edler is hit by Dougie Hamilton and loses puck.
12:17 of 2nd period - Wrist shot by Henrik Sedin.
12:17 of 2nd period - Stopped by Ben Bishop with a rebound.
12:46 of 2nd period - Minor Penalty to TJ Brodie for Tripping.
12:47 of 2nd period - Nazem Kadri wins face-off versus Patrik Elias in Flames zone.
14:11 of 2nd period - David Savard is hit by Jack Johnson and loses puck.
14:18 of 2nd period - Wrist shot by Henrik Sedin.
14:18 of 2nd period - Shot Blocked by Jack Johnson.
14:34 of 2nd period - Slapshot by Henrik Sedin.
14:34 of 2nd period - Stopped by Ben Bishop without a rebound.
14:35 of 2nd period - Brendan Gallagher wins face-off versus Henrik Sedin in Canucks zone.
14:46 of 2nd period - Penalty to TJ Brodie is over, TJ Brodie is back on ice.
14:46 of 2nd period - Wrist shot by Brendan Gallagher.
14:46 of 2nd period - Stopped by Antti Niemi with a rebound.
14:48 of 2nd period - Slapshot by Justin Braun.
14:48 of 2nd period - Shot Misses the Net.
14:50 of 2nd period - Wrist shot by Justin Braun.
14:50 of 2nd period - Stopped by Antti Niemi without a rebound.
14:51 of 2nd period - Derick Brassard wins face-off versus Sean Monahan in Flames zone.
15:26 of 2nd period - Wrist shot by Joel Ward.
15:26 of 2nd period - Stopped by Antti Niemi without a rebound.
15:27 of 2nd period - Jay Beagle wins face-off versus Jason Spezza in Flames zone.
15:28 of 2nd period - Slapshot by Alexander Edler.
15:28 of 2nd period - Deflect By Jay Beagle.
15:28 of 2nd period - Stopped by Antti Niemi without a rebound.
15:29 of 2nd period - Jay Beagle wins face-off versus Jason Spezza in Flames zone.
15:47 of 2nd period - Off-side.
15:48 of 2nd period - Henrik Sedin wins face-off versus Nazem Kadri in neutral zone.
15:52 of 2nd period - Off-side.
15:53 of 2nd period - Henrik Sedin wins face-off versus Mats Zuccarello in neutral zone.
15:56 of 2nd period - Slapshot by Martin St. Louis.
15:56 of 2nd period - Goal by Martin St. Louis - Flames : 2 - Canucks : 2.
15:57 of 2nd period - Patrik Elias wins face-off versus Derick Brassard in neutral zone.
16:06 of 2nd period - Alexander Edler is hit by Shane Doan and loses puck.
16:51 of 2nd period - Snap shot by Henrik Sedin.
16:51 of 2nd period - Deflect By Nazem Kadri.
16:51 of 2nd period - Shot Misses the Net.
16:51 of 2nd period - Puck is out of play.
16:52 of 2nd period - Craig Smith wins face-off versus Henrik Sedin in Canucks zone.
16:59 of 2nd period - Snap shot by Craig Smith.
16:59 of 2nd period - Stopped by Antti Niemi with a rebound.
17:11 of 2nd period - Wrist shot by Henrik Sedin.
17:11 of 2nd period - Shot Blocked by Christopher Tanev.
17:13 of 2nd period - Snap shot by David Savard.
17:13 of 2nd period - Stopped by Ben Bishop with a rebound.
17:15 of 2nd period - Slapshot by Dougie Hamilton.
17:15 of 2nd period - Shot Misses the Net.
17:17 of 2nd period - Snap shot by Dougie Hamilton.
17:17 of 2nd period - Shot Blocked by Christopher Tanev.
17:19 of 2nd period - Snap shot by Martin St. Louis.
17:19 of 2nd period - Shot Misses the Net.
17:23 of 2nd period - Snap shot by Jaden Schwartz.
17:23 of 2nd period - Stopped by Ben Bishop with a rebound.
17:44 of 2nd period - Nazem Kadri is hit by Jason Pominville and loses puck.
17:49 of 2nd period - Snap shot by Sean Monahan.
17:49 of 2nd period - Stopped by Ben Bishop with a rebound.
17:51 of 2nd period - Slapshot by Ryan Murray.
17:51 of 2nd period - Stopped by Ben Bishop with a rebound.
17:53 of 2nd period - Snap shot by Brian Campbell.
17:53 of 2nd period - Shot Misses the Net.
17:55 of 2nd period - Snap shot by Sean Monahan.
17:55 of 2nd period - Stopped by Ben Bishop with a rebound.
17:57 of 2nd period - Wrist shot by Johnny Gaudreau.
17:57 of 2nd period - Shot Misses the Net.
17:59 of 2nd period - Slapshot by Ryan Murray.
17:59 of 2nd period - Stopped by Ben Bishop with a rebound.
18:01 of 2nd period - Slapshot by Sean Monahan.
18:01 of 2nd period - Shot Blocked by Adam Pardy.
18:03 of 2nd period - Slapshot by Brian Campbell.
18:03 of 2nd period - Stopped by Ben Bishop without a rebound.
18:04 of 2nd period - Derick Brassard wins face-off versus Chris Kunitz in Canucks zone.
18:31 of 2nd period - Icing by Jack Johnson.
18:32 of 2nd period - Derick Brassard wins face-off versus Patrik Elias in Canucks zone.
18:39 of 2nd period - Snap shot by Brendan Gallagher.
18:39 of 2nd period - Stopped by Antti Niemi with a rebound.
18:41 of 2nd period - Backhand shot by Derick Brassard.
18:41 of 2nd period - Shot Misses the Net.
19:01 of 2nd period - Wrist shot by Michael Frolik.
19:01 of 2nd period - Shot Blocked by Alexander Edler.
19:24 of 2nd period - Snap shot by Sean Monahan.
19:24 of 2nd period - Stopped by Ben Bishop without a rebound.
19:25 of 2nd period - Sean Monahan wins face-off versus Jay Beagle in Canucks zone.
Goals for this period are 2 for Flames vs 2 for Canucks.
Shots for this period are 21 for Flames vs 18 for Canucks.

3rd period


0:01 of 3rd period - Derick Brassard wins face-off versus Jason Spezza in neutral zone.
0:04 of 3rd period - Backhand shot by Brendan Gallagher.
0:04 of 3rd period - Stopped by Antti Niemi without a rebound.
0:05 of 3rd period - Jason Spezza wins face-off versus Derick Brassard in Flames zone.
0:12 of 3rd period - Derick Brassard is hit by Dougie Hamilton and loses puck.
0:57 of 3rd period - Craig Smith is hit by Jaden Schwartz and loses puck.
1:36 of 3rd period - Joel Ward is hit by Ryan Murray and loses puck.
2:36 of 3rd period - Snap shot by Patrik Elias.
2:36 of 3rd period - Stopped by Ben Bishop without a rebound.
2:37 of 3rd period - Jason Spezza wins face-off versus Derick Brassard in Canucks zone.
2:38 of 3rd period - Snap shot by Chris Kunitz.
2:38 of 3rd period - Shot Misses the Net.
2:40 of 3rd period - Snap shot by Erik Cole.
2:40 of 3rd period - Shot Misses the Net.
2:42 of 3rd period - Snap shot by Dougie Hamilton.
2:42 of 3rd period - Stopped by Ben Bishop with a rebound.
2:44 of 3rd period - Slapshot by Dougie Hamilton.
2:44 of 3rd period - Shot Misses the Net.
2:57 of 3rd period - Slapshot by Clarke MacArthur.
2:57 of 3rd period - Stopped by Antti Niemi without a rebound.
2:58 of 3rd period - Nazem Kadri wins face-off versus Henrik Sedin in Flames zone.
3:05 of 3rd period - Slapshot by Nazem Kadri.
3:05 of 3rd period - Shot Misses the Net.
3:09 of 3rd period - Slapshot by Craig Smith.
3:09 of 3rd period - Stopped by Antti Niemi with a rebound.
3:11 of 3rd period - Slapshot by Craig Smith.
3:11 of 3rd period - Shot Misses the Net.
3:13 of 3rd period - Slapshot by Nazem Kadri.
3:13 of 3rd period - Stopped by Antti Niemi without a rebound.
3:14 of 3rd period - Nazem Kadri wins face-off versus Henrik Sedin in Flames zone.
3:20 of 3rd period - Off-side.
3:21 of 3rd period - Jason Spezza wins face-off versus Derick Brassard in neutral zone.
3:35 of 3rd period - Icing by TJ Brodie.
3:36 of 3rd period - Jason Spezza wins face-off versus Brendan Gallagher in Flames zone.
4:22 of 3rd period - Snap shot by Nazem Kadri.
4:22 of 3rd period - Shot Misses the Net.
4:28 of 3rd period - Mats Zuccarello is hit by Chris Kunitz and loses puck.
5:07 of 3rd period - Snap shot by Jaden Schwartz.
5:07 of 3rd period - Stopped by Ben Bishop with a rebound.
5:48 of 3rd period - Wrist shot by Sean Monahan.
5:48 of 3rd period - Shot Misses the Net.
5:50 of 3rd period - Slapshot by David Savard.
5:50 of 3rd period - Stopped by Ben Bishop with a rebound.
5:52 of 3rd period - Wrist shot by Sean Monahan.
5:52 of 3rd period - Shot Misses the Net.
6:06 of 3rd period - Snap shot by Michael Frolik.
6:06 of 3rd period - Shot Misses the Net.
6:08 of 3rd period - Wrist shot by Michael Frolik.
6:08 of 3rd period - Stopped by Ben Bishop with a rebound.
6:10 of 3rd period - Snap shot by Michael Frolik.
6:10 of 3rd period - Stopped by Ben Bishop with a rebound.
6:12 of 3rd period - Wrist shot by Shane Doan.
6:12 of 3rd period - Shot Misses the Net.
6:14 of 3rd period - Snap shot by TJ Brodie.
6:14 of 3rd period - Shot Blocked by Jack Johnson.
6:16 of 3rd period - Wrist shot by TJ Brodie.
6:16 of 3rd period - Stopped by Ben Bishop with a rebound.
6:18 of 3rd period - Slapshot by Shane Doan.
6:18 of 3rd period - Shot Misses the Net.
6:34 of 3rd period - Wrist shot by Shane Doan.
6:34 of 3rd period - Deflect By Michael Frolik.
6:34 of 3rd period - Shot Misses the Net.
6:34 of 3rd period - Puck is out of play.
6:35 of 3rd period - Henrik Sedin wins face-off versus Derick Brassard in Canucks zone.
6:50 of 3rd period - Snap shot by Jaden Schwartz.
6:50 of 3rd period - Stopped by Ben Bishop without a rebound.
6:51 of 3rd period - Henrik Sedin wins face-off versus Peter Holland in Canucks zone.
7:04 of 3rd period - Snap shot by Martin St. Louis.
7:04 of 3rd period - Stopped by Ben Bishop without a rebound.
7:05 of 3rd period - Sean Monahan wins face-off versus Peter Holland in Canucks zone.
7:22 of 3rd period - Snap shot by Jason Pominville.
7:22 of 3rd period - Shot Misses the Net.
7:59 of 3rd period - Snap shot by Erik Cole.
7:59 of 3rd period - Shot Misses the Net.
8:01 of 3rd period - Slapshot by David Savard.
8:01 of 3rd period - Stopped by Ben Bishop with a rebound.
8:03 of 3rd period - Slapshot by David Savard.
8:03 of 3rd period - Deflect By Jason Spezza.
8:03 of 3rd period - Stopped by Ben Bishop with a rebound.
8:51 of 3rd period - Slapshot by Derick Brassard.
8:51 of 3rd period - Shot Blocked by Henrik Sedin.
8:53 of 3rd period - Snap shot by Justin Braun.
8:53 of 3rd period - Stopped by Antti Niemi with a rebound.
8:55 of 3rd period - Slapshot by Christopher Tanev.
8:55 of 3rd period - Shot Blocked by David Savard.
8:57 of 3rd period - Slapshot by Clarke MacArthur.
8:57 of 3rd period - Stopped by Antti Niemi with a rebound.
8:59 of 3rd period - Snap shot by Derick Brassard.
8:59 of 3rd period - Shot Blocked by David Savard.
9:01 of 3rd period - Slapshot by Christopher Tanev.
9:01 of 3rd period - Shot Blocked by Jaden Schwartz.
9:40 of 3rd period - Brian Campbell is hit by Jannik Hansen and loses puck.
9:45 of 3rd period - Wrist shot by Jannik Hansen.
9:45 of 3rd period - Stopped by Antti Niemi with a rebound.
9:47 of 3rd period - Snap shot by Jay Beagle.
9:47 of 3rd period - Shot Blocked by Brian Campbell.
9:49 of 3rd period - Slapshot by Jay Beagle.
9:49 of 3rd period - Stopped by Antti Niemi with a rebound.
9:51 of 3rd period - Snap shot by Joakim Andersson.
9:51 of 3rd period - Shot Misses the Net.
10:03 of 3rd period - Alexander Edler is hit by Shane Doan and loses puck.
11:04 of 3rd period - Wrist shot by Chris Kunitz.
11:04 of 3rd period - Shot Blocked by Jack Johnson.
11:51 of 3rd period - Slapshot by Jack Johnson.
11:51 of 3rd period - Shot Blocked by Henrik Sedin.
11:53 of 3rd period - Slapshot by Jack Johnson.
11:53 of 3rd period - Shot Misses the Net.
11:55 of 3rd period - Snap shot by Peter Holland.
11:55 of 3rd period - Stopped by Antti Niemi with a rebound.
12:05 of 3rd period - Jack Johnson is hit by Martin St. Louis and loses puck.
12:16 of 3rd period - Jack Johnson is hit by Ryan Murray and loses puck.
12:50 of 3rd period - Craig Smith is hit by Shane Doan and loses puck.
13:18 of 3rd period - Jason Pominville is hit by Nazem Kadri and loses puck.
13:57 of 3rd period - Slapshot by Antoine Roussel.
13:57 of 3rd period - Deflect By Peter Holland.
13:57 of 3rd period - Shot Misses the Net.
13:57 of 3rd period - Puck is out of play.
13:58 of 3rd period - Peter Holland wins face-off versus Jason Spezza in Flames zone.
14:09 of 3rd period - Minor Penalty to Jason Spezza for Holding.
14:10 of 3rd period - Derick Brassard wins face-off versus Patrik Elias in Flames zone.
14:59 of 3rd period - Jack Johnson is hit by Shane Doan and loses puck.
16:09 of 3rd period - Penalty to Jason Spezza is over, Jason Spezza is back on ice.
16:27 of 3rd period - Christopher Tanev is hit by Jason Pominville and loses puck.
17:06 of 3rd period - Joel Ward is hit by Chris Kunitz and loses puck.
17:34 of 3rd period - Wrist shot by Jason Spezza.
17:34 of 3rd period - Stopped by Ben Bishop with a rebound.
17:36 of 3rd period - Slapshot by David Savard.
17:36 of 3rd period - Shot Blocked by Alexander Edler.
18:57 of 3rd period - Sean Monahan is hit by Justin Braun and loses puck.
19:43 of 3rd period - Wrist shot by Henrik Sedin.
19:43 of 3rd period - Shot Misses the Net.
Goals for this period are 0 for Flames vs 0 for Canucks.
Shots for this period are 12 for Flames vs 9 for Canucks.

Overtime #1


0:01 of 1st overtime period - Derick Brassard wins face-off versus Henrik Sedin in neutral zone.
1:54 of 1st overtime period - Minor Penalty to Justin Braun for Roughing.
1:55 of 1st overtime period - Sean Monahan wins face-off versus Jay Beagle in Canucks zone.
2:34 of 1st overtime period - Wrist shot by Alexander Edler.
2:34 of 1st overtime period - Shot Blocked by TJ Brodie.
2:49 of 1st overtime period - Icing by Henrik Sedin.
2:50 of 1st overtime period - Henrik Sedin wins face-off versus Jay Beagle in Flames zone.
3:53 of 1st overtime period - Christopher Tanev is hit by Henrik Sedin and loses puck.
3:54 of 1st overtime period - Penalty to Justin Braun is over, Justin Braun is back on ice.
Goals for this period are 0 for Flames vs 0 for Canucks.
Shots for this period are 0 for Flames vs 0 for Canucks.

ShootOut


5:00 of 1st overtime period - Penalty Shot by Chris Kunitz for Flames.
5:00 of 1st overtime period - Snap shot by Chris Kunitz.
5:00 of 1st overtime period - Goal by Chris Kunitz.
5:00 of 1st overtime period - Penalty Shot by Mats Zuccarello for Canucks.
5:00 of 1st overtime period - Deke by Mats Zuccarello.
5:00 of 1st overtime period - Goal by Mats Zuccarello.
5:00 of 1st overtime period - Penalty Shot by Sean Monahan for Flames.
5:00 of 1st overtime period - Wrist shot by Sean Monahan.
5:00 of 1st overtime period - Goal by Sean Monahan.
5:00 of 1st overtime period - Penalty Shot by Derick Brassard for Canucks.
5:00 of 1st overtime period - Snap shot by Derick Brassard.
5:00 of 1st overtime period - Stopped by Antti Niemi.
5:00 of 1st overtime period - Penalty Shot by Jason Pominville for Flames.
5:00 of 1st overtime period - Deke by Jason Pominville.
5:00 of 1st overtime period - Goal by Jason Pominville.